AoeStats
← EMPEROR98265292

Arena

508453133Analyzed
4v4 RM · 11d ago on Sep 22, 2026· 44m 20s· 8 players
Game mode
Random Map
Map size
Large (8 player)
Population
200
Speed
Normal
Resources
Standard
Victory
Conquest
Starting age
Dark Age
Ending age
Imperial Age
RankedLock teamsTeams togetherTeam positionsShared explorationLock speedFull tech treeHidden civsTurbo modeCheats
Victory
Defeat
🇬🇧 Sicilians · United Kingdom
1596
+13
🇺🇸 Japanese · United States
1517
+16
🇮🇳 Wu · India
1497
+17
🇮🇳 Dravidians · India
1469
+19
🇵🇱 Mongols · Poland
1562
-18
🇳🇱 Hindustanis · Netherlands
1538
-17
🇮🇳 Saracens · India
1513
-16
🇮🇳 Ethiopians · India
1482
-14
qwer
8:59 Feudal Age
9:16 Loom
11:19 Fletching
13:09 Double-Bit Axe
19:04 Castle Age
17:39 Horse Collar
25:54 Wheelbarrow
26:24 Bow Saw
26:19 Gold Mining
26:40 Heavy Plow
27:29 Hand Cart
28:49 Gold Shaft Mining
31:55 Imperial Age
30:38 Bodkin Arrow
30:43 Padded Archer Armor
30:46 Town Watch
31:47 Masonry
32:00 Ballistics
31:02 Crossbowman
31:11 Crossbowman
32:14 Leather Archer Armor
32:58 Conscription
33:30 Bracer
33:52 Forging
33:56 Thumb Ring
34:09 Thumb Ring
35:03 Siege Engineers
34:42 Pikeman
35:22 Squires
36:23 Ring Archer Armor
35:19 Elite Skirmisher
35:40 Arbalester
36:49 Scale Mail Armor
37:24 Iron Casting
37:51 Kataparuto
38:13 Guard Tower
39:24 Chemistry
38:10 Man-at-Arms
38:36 Gambesons
41:25 Halberdier
42:57 Yasama
43:34 Keep
42:40 Treadmill Crane
43:10 Masonry
45:17 Two-Man Saw
44:55 Chain Mail Armor
45:40 Blast Furnace
AP
10:45 Feudal Age
9:34 Loom
12:26 Double-Bit Axe
14:43 Castle Age
12:42 Horse Collar
16:04 Bow Saw
15:56 Heavy Plow
17:07 Wheelbarrow
20:49 Stone Mining
21:46 Gold Mining
22:50 Fletching
26:48 Imperial Age
24:29 Padded Archer Armor
24:45 Fletching
25:51 Thumb Ring
26:23 Hand Cart
27:09 Ballistics
27:00 Elite Elephant Archer
28:14 Bodkin Arrow
30:21 Chemistry
29:32 Bracer
31:19 Man-at-Arms
31:44 Gambesons
31:59 Squires
32:03 Arson
32:05 Gambesons
32:20 Scale Mail Armor
32:31 Forging
32:27 Long Swordsman
33:30 Chain Mail Armor
34:21 Wootz Steel
33:24 Pikeman
33:43 Two-Handed Swordsman
35:36 Hoardings
36:03 Plate Mail Armor
35:21 Champion
41:36 Masonry
43:15 Iron Casting
43:36 Leather Archer Armor
43:04 Halberdier
43:09 Elite Skirmisher
EMPEROR98265292
10:48 Feudal Age
15:01 Castle Age
13:15 Double-Bit Axe
13:40 Horse Collar
24:05 Wheelbarrow
24:20 Gold Mining
24:29 Stone Mining
24:27 Loom
25:47 Gold Shaft Mining
26:34 Stone Shaft Mining
31:07 Imperial Age
28:30 Fletching
29:22 Ballistics
29:26 Bodkin Arrow
29:31 Padded Archer Armor
30:03 Treadmill Crane
30:27 Red Cliffs Tactics
31:05 Bow Saw
31:45 Leather Archer Armor
31:30 Elite Fire Archer
32:31 Conscription
33:22 Chemistry
32:59 Bracer
34:57 Masonry
36:34 Architecture
40:29 Scale Mail Armor
40:39 Forging
43:02 Sitting Tiger
Frankie Fast Hands
11:21 Feudal Age
12:28 Double-Bit Axe
15:23 Castle Age
13:09 Horse Collar
17:20 Bow Saw
19:45 Wheelbarrow
20:44 Heavy Plow
21:48 Gold Mining
22:24 Stone Mining
23:57 Loom
24:31 Hand Cart
28:59 Imperial Age
27:06 Stone Shaft Mining
26:35 Squires
27:15 Scale Mail Armor
27:26 Forging
28:35 Ballistics
28:08 Fletching
28:46 Chain Mail Armor
29:08 First Crusade
29:27 Iron Casting
29:14 Bodkin Arrow
29:20 Padded Archer Armor
29:24 Capped Ram
29:31 Elite Serjeant
29:59 Elite Skirmisher
30:53 Bodkin Arrow
31:31 Plate Mail Armor
30:58 Bodkin Arrow
32:25 Padded Archer Armor
34:04 Blast Furnace
35:13 Chemistry
34:19 Siege Engineers
34:28 Onager
35:38 Conscription
38:28 Scale Barding Armor
37:56 Cavalier
38:47 Bloodlines
38:38 Husbandry
39:11 Bracer
39:03 Siege Onager
40:14 Chain Barding Armor
41:18 Hauberk
42:31 Plate Barding Armor
41:40 Light Cavalry
LeoABNV
10:43 Feudal Age
11:00 Loom
15:38 Castle Age
14:27 Double-Bit Axe
20:29 Bow Saw
23:47 Wheelbarrow
25:26 Horse Collar
30:40 Imperial Age
28:23 Gold Mining
28:49 Heavy Plow
28:55 Town Watch
30:32 Hand Cart
31:32 Ballistics
31:23 Masonry
33:18 Chemistry
33:55 Guilds
33:09 Heavy Scorpion
34:14 Conscription
35:35 Architecture
35:51 Siege Engineers
35:54 Torsion Engines
38:43 Fortified Wall
38:50 Fletching
39:01 Padded Archer Armor
41:55 Elite Skirmisher
42:33 Bodkin Arrow
42:53 Leather Archer Armor
Washed404
10:17 Feudal Age
14:03 Castle Age
12:25 Horse Collar
14:44 Loom
15:31 Double-Bit Axe
15:45 Town Watch
21:45 Bow Saw
23:09 Wheelbarrow
25:04 Heavy Plow
25:01 Stone Mining
28:10 Imperial Age
26:40 Hand Cart
26:58 Scale Barding Armor
27:04 Forging
28:21 Chain Barding Armor
29:32 Masonry
30:29 Chemistry
30:17 Hoardings
32:21 Elite Mameluke
33:20 Bloodlines
33:11 Husbandry
33:52 Plate Barding Armor
37:06 Iron Casting
43:26 Conscription
DADDY_Sensation
10:09 Feudal Age
15:07 Castle Age
13:28 Double-Bit Axe
13:25 Horse Collar
24:13 Wheelbarrow
23:52 Bow Saw
25:53 Gold Mining
26:18 Stone Mining
27:34 Gold Shaft Mining
29:48 Imperial Age
27:56 Scale Mail Armor
28:14 Hand Cart
28:33 Squires
28:57 Chain Mail Armor
29:06 Elite Skirmisher
29:42 Fletching
30:15 Ballistics
30:04 Thumb Ring
29:56 Loom
29:56 Town Watch
30:22 Bodkin Arrow
30:28 Padded Archer Armor
31:51 Stone Shaft Mining
31:43 Bracer
31:58 Leather Archer Armor
31:55 Forging
32:21 Conscription
32:05 Grand Trunk Road
33:37 Chemistry
33:43 Coinage
34:56 Ring Archer Armor
35:03 Iron Casting
34:40 Masonry
35:09 Banking
34:46 Heavy Plow
35:51 Hoardings
34:54 Elite Ghulam
36:49 Blast Furnace
35:18 Pikeman
43:42 Caravan
Gunnar
10:23 Feudal Age
11:34 Double-Bit Axe
14:15 Castle Age
11:59 Horse Collar
15:30 Bow Saw
15:21 Heavy Plow
18:52 Wheelbarrow
21:25 Gold Mining
22:34 Hand Cart
27:37 Imperial Age
25:13 Loom
25:41 Masonry
25:24 Fletching
26:30 Gold Shaft Mining
25:50 Stone Mining
26:42 Ballistics
26:18 Bodkin Arrow
27:00 Padded Archer Armor
27:57 Leather Archer Armor
28:39 Conscription
28:22 Bracer
29:59 Chemistry
30:04 Bloodlines
29:54 Husbandry
30:03 Thumb Ring
30:34 Elite Mangudai
35:19 Coinage
35:26 Siege Engineers
35:49 Onager
37:11 Drill
38:06 Siege Onager
39:15 Capped Ram
40:17 Siege Ram
43:33 Banking
Connection lost

Rejoining the realm…

Still unreachable

The connection could not be restored.

Session expired

The server has moved on; the page needs a fresh start.